[ PARTIDA AOE2 · #513712391 ]
UnrankedSicilianos vs Japanese
Equipo del jugador · VICT
Equipo rival · DERR
[ ANÁLISIS DE REPETICIÓN · EXTRAÍDO DE LA PARTIDA GRABADA ]
Feudal
24:57
Castillos
—
Imperial
—
| APM promedio | 61.1 |
| APM pico | 113 |
| eAPM promedio | 34.5 |
| Aldeanos / militares | 102 / 11 |
Foco
⚔️ 44.6% · 🌾 55.4%
Skirmisher ×7 · Archer ×2 · Spearman ×1 · Scout Cavalry ×1
Feudal
22:52
Castillos
—
Imperial
—
| APM promedio | 57.5 |
| APM pico | 111 |
| eAPM promedio | 18.1 |
| Aldeanos / militares | 38 / 7 |
Foco
⚔️ 37.2% · 🌾 62.8%
Archer ×3 · Militia ×2 · Spearman ×2
Mapa de la partida
Recursos iniciales + cada clic de construcción. Líneas = muros · curvas = relieve. ◆ oro · ⬟ piedra · ● bayas · ✦ reliquia · ◌ hueco del cierre
Tu base· Abierta — flanco sin cerrar
Base de RetroAge412· Abierta — hueco de 7t
Terreno inicial suavizado · ◌ = hueco del cierre detectado · pasá el cursor para detalles
Inputs por minuto
— el rey de los chanchos - - RetroAge412
Build order — el rey de los chanchos
Primeras 150 de 185 acciones detectadas
| 0:01 | queue | Villager (Male) |
| 0:01 | queue | Villager (Male) |
| 0:01 | queue | Villager (Male) |
| 0:02 | Construir | House |
| 0:03 | Construir | House |
| 0:24 | Investigar | Loom |
| 0:25 | queue | Villager (Male) |
| 0:25 | queue | Villager (Male) |
| 0:25 | queue | Villager (Male) |
| 0:26 | queue | Villager (Male) |
| 0:26 | queue | Villager (Male) |
| 1:32 | Construir | House |
| 2:02 | queue | Villager (Male) |
| 2:02 | queue | Villager (Male) |
| 2:02 | queue | Villager (Male) |
| 2:30 | queue | Villager (Male) |
| 2:30 | queue | Villager (Male) |
| 2:30 | queue | Villager (Male) |
| 2:56 | Construir | Palisade Wall |
| 3:02 | Construir | Palisade Wall |
| 3:08 | Construir | House |
| 3:17 | queue | Villager (Male) |
| 3:17 | queue | Villager (Male) |
| 3:17 | queue | Villager (Male) |
| 3:20 | queue | Villager (Male) |
| 3:20 | queue | Villager (Male) |
| 3:49 | queue | Villager (Male) |
| 3:49 | queue | Villager (Male) |
| 3:49 | queue | Villager (Male) |
| 3:58 | queue | Villager (Male) |
| 3:58 | queue | Villager (Male) |
| 4:14 | Construir | House |
| 4:15 | Construir | House |
| 4:23 | queue | Villager (Male) |
| 4:23 | queue | Villager (Male) |
| 4:24 | queue | Villager (Male) |
| 4:33 | queue | Villager (Male) |
| 4:33 | queue | Villager (Male) |
| 4:34 | queue | Villager (Male) |
| 4:58 | queue | Villager (Male) |
| 4:58 | queue | Villager (Male) |
| 4:58 | queue | Villager (Male) |
| 5:12 | queue | Villager (Male) |
| 5:12 | queue | Villager (Male) |
| 5:12 | queue | Villager (Male) |
| 6:09 | queue | Villager (Male) |
| 6:09 | queue | Villager (Male) |
| 6:10 | queue | Villager (Male) |
| 6:38 | Construir | Lumber Camp |
| 6:51 | queue | Villager (Male) |
| 6:51 | queue | Villager (Male) |
| 6:56 | queue | Villager (Male) |
| 6:56 | queue | Villager (Male) |
| 6:57 | queue | Villager (Male) |
| 6:57 | queue | Villager (Male) |
| 7:09 | queue | Villager (Male) |
| 7:09 | queue | Villager (Male) |
| 7:10 | queue | Villager (Male) |
| 7:22 | queue | Villager (Male) |
| 7:23 | queue | Villager (Male) |
| 7:23 | queue | Villager (Male) |
| 7:23 | queue | Villager (Male) |
| 7:38 | Construir | House |
| 7:43 | queue | Villager (Male) |
| 7:43 | queue | Villager (Male) |
| 7:43 | queue | Villager (Male) |
| 7:46 | Construir | House |
| 8:11 | queue | Villager (Male) |
| 8:12 | queue | Villager (Male) |
| 8:15 | queue | Villager (Male) |
| 8:35 | queue | Villager (Male) |
| 8:35 | queue | Villager (Male) |
| 8:42 | Construir | House |
| 8:45 | Construir | Palisade Wall |
| 8:53 | queue | Villager (Male) |
| 8:53 | queue | Villager (Male) |
| 9:28 | queue | Villager (Male) |
| 9:29 | queue | Villager (Male) |
| 9:29 | queue | Villager (Male) |
| 9:29 | queue | Villager (Male) |
| 10:16 | Construir | Town Center |
| 10:24 | Construir | Town Center |
| 10:49 | Construir | Mill |
| 10:53 | queue | Villager (Male) |
| 10:53 | queue | Villager (Male) |
| 10:53 | queue | Villager (Male) |
| 10:53 | queue | Villager (Male) |
| 10:54 | queue | Villager (Male) |
| 10:54 | queue | Villager (Male) |
| 10:54 | queue | Villager (Male) |
| 10:54 | queue | Villager (Male) |
| 10:55 | queue | Villager (Male) |
| 10:55 | queue | Villager (Male) |
| 10:55 | queue | Villager (Male) |
| 10:55 | queue | Villager (Male) |
| 11:22 | Construir | Palisade Gate |
| 11:25 | Construir | Palisade Gate |
| 11:28 | Construir | Palisade Wall |
| 11:31 | Construir | Palisade Wall |
| 13:00 | Construir | Town Center |
| 13:22 | queue | Villager (Male) |
| 13:23 | queue | Villager (Male) |
| 13:23 | queue | Villager (Male) |
| 13:23 | queue | Villager (Male) |
| 13:23 | queue | Villager (Male) |
| 13:31 | queue | Villager (Male) |
| 13:31 | queue | Villager (Male) |
| 13:31 | queue | Villager (Male) |
| 14:07 | queue | Villager (Male) |
| 14:39 | queue | Villager (Male) |
| 14:39 | queue | Villager (Male) |
| 14:58 | Construir | Palisade Gate |
| 15:03 | Construir | Palisade Gate |
| 15:56 | queue | Villager (Male) |
| 15:56 | queue | Villager (Male) |
| 16:38 | Construir | House |
| 16:39 | Construir | House |
| 16:45 | Construir | House |
| 16:46 | Construir | House |
| 16:49 | Construir | House |
| 16:51 | Construir | Palisade Wall |
| 17:02 | queue | Villager (Male) |
| 17:03 | queue | Villager (Male) |
| 17:03 | queue | Villager (Male) |
| 17:25 | Construir | Palisade Gate |
| 17:29 | queue | Villager (Male) |
| 17:29 | queue | Villager (Male) |
| 17:35 | Construir | Palisade Wall |
| 17:57 | Construir | House |
| 18:08 | queue | Villager (Male) |
| 18:08 | queue | Villager (Male) |
| 18:39 | Construir | Mill |
| 19:06 | Construir | House |
| 19:09 | Construir | Palisade Wall |
| 19:10 | Construir | Palisade Wall |
| 19:15 | Construir | Palisade Wall |
| 19:21 | queue | Villager (Male) |
| 19:22 | queue | Villager (Male) |
| 20:15 | Construir | Mining Camp |
| 20:44 | Construir | Mining Camp |
| 22:08 | Construir | Town Center |
| 22:11 | Construir | Town Center |
| 22:17 | Construir | Town Center |
| 22:48 | Construir | Palisade Wall |
| 22:48 | Construir | Palisade Wall |
| 22:48 | Construir | Palisade Wall |
| 22:49 | Construir | Palisade Wall |
| 22:49 | Construir | Palisade Wall |
| 22:49 | Construir | Palisade Wall |
| 22:49 | Construir | Palisade Wall |
Build order — RetroAge412
117 acciones detectadas en el replay
| 0:00 | queue | Villager (Male) |
| 0:02 | Construir | House |
| 0:03 | Construir | House |
| 0:17 | queue | Villager (Male) |
| 0:48 | queue | Villager (Male) |
| 1:09 | Investigar | Loom |
| 1:09 | queue | Villager (Male) |
| 1:29 | queue | Villager (Male) |
| 1:45 | queue | Villager (Male) |
| 2:25 | queue | Villager (Male) |
| 2:53 | queue | Villager (Male) |
| 3:19 | queue | Villager (Male) |
| 3:56 | Construir | House |
| 3:59 | Construir | Mill |
| 4:13 | queue | Villager (Male) |
| 4:41 | queue | Villager (Male) |
| 4:45 | Construir | Lumber Camp |
| 5:07 | queue | Villager (Male) |
| 5:37 | queue | Villager (Male) |
| 5:39 | Construir | Mill |
| 6:14 | queue | Villager (Male) |
| 6:32 | Construir | Palisade Wall |
| 6:52 | Construir | Palisade Wall |
| 6:54 | Construir | Palisade Wall |
| 6:54 | Construir | Palisade Wall |
| 6:55 | Construir | Palisade Wall |
| 6:56 | Construir | Palisade Wall |
| 6:56 | Construir | Palisade Wall |
| 6:57 | Construir | Palisade Wall |
| 6:57 | Construir | Palisade Wall |
| 6:58 | Construir | Palisade Wall |
| 6:59 | queue | Villager (Male) |
| 7:04 | Construir | House |
| 7:18 | queue | Villager (Male) |
| 7:34 | queue | Villager (Male) |
| 7:50 | queue | Villager (Male) |
| 7:57 | Construir | Mill |
| 8:19 | Construir | Palisade Wall |
| 8:20 | queue | Villager (Male) |
| 8:46 | Construir | Barracks |
| 8:50 | queue | Villager (Male) |
| 9:22 | queue | Villager (Male) |
| 9:34 | Construir | Palisade Wall |
| 9:37 | Construir | Palisade Wall |
| 9:47 | queue | Villager (Male) |
| 9:47 | queue | Villager (Male) |
| 9:58 | queue | Villager (Male) |
| 10:06 | Construir | House |
| 10:08 | Construir | House |
| 10:09 | Construir | House |
| 10:15 | Construir | House |
| 10:19 | Construir | House |
| 10:45 | queue | Militia |
| 10:46 | queue | Militia |
| 11:33 | Construir | Palisade Wall |
| 12:07 | queue | Villager (Male) |
| 12:43 | Construir | Town Center |
| 13:51 | queue | Villager (Male) |
| 13:51 | queue | Villager (Male) |
| 13:54 | Construir | Mining Camp |
| 14:01 | Construir | House |
| 14:01 | Construir | House |
| 14:28 | queue | Villager (Male) |
| 15:25 | Construir | Town Center |
| 15:35 | Construir | Town Center |
| 16:25 | Construir | Town Center |
| 17:43 | queue | Villager (Male) |
| 17:43 | queue | Villager (Male) |
| 17:47 | Construir | Farm |
| 17:48 | Construir | Farm |
| 17:49 | Construir | Farm |
| 17:50 | Construir | Farm |
| 17:51 | Construir | House |
| 18:13 | Construir | Farm |
| 18:38 | Construir | Farm |
| 18:40 | Construir | Farm |
| 18:42 | Construir | Farm |
| 18:44 | queue | Villager (Male) |
| 18:45 | queue | Villager (Male) |
| 19:02 | Construir | Farm |
| 19:03 | Construir | Farm |
| 20:13 | Construir | House |
| 20:14 | Construir | House |
| 20:42 | Investigar | Feudal Age |
| 20:43 | Investigar | Feudal Age |
| 21:09 | Construir | House |
| 21:11 | Construir | House |
| 21:12 | Construir | House |
| 21:17 | Construir | House |
| 21:20 | Construir | House |
| 21:22 | Construir | House |
| 22:04 | Construir | House |
| 22:07 | Construir | House |
| 22:10 | Construir | House |
| 22:47 | Construir | Barracks |
| 22:52 | Edad | Edad Feudal |
| 22:58 | Construir | Barracks |
| 23:00 | queue | Villager (Male) |
| 23:16 | queue | Villager (Male) |
| 23:29 | Construir | Archery Range |
| 23:34 | queue | Villager (Male) |
| 24:00 | queue | Villager (Male) |
| 24:08 | queue | Archer |
| 24:08 | queue | Archer |
| 24:10 | Construir | House |
| 24:57 | Construir | Farm |
| 24:58 | queue | Archer |
| 25:20 | Construir | Lumber Camp |
| 25:46 | Construir | House |
| 25:51 | queue | Spearman |
| 26:13 | queue | Spearman |
| 26:48 | Construir | Town Center |
| 28:09 | queue | Villager (Male) |
| 28:09 | queue | Villager (Male) |
| 28:12 | Construir | Watch Tower |
| 28:36 | Construir | Farm |
| 28:43 | Construir | Stable |
Cronología de la partida
| 2:56 | el rey de los chanchos · wall_segment Palisade Wall x2 |
| 3:02 | el rey de los chanchos · wall_segment Palisade Wall x2 |
| 6:32 | RetroAge412 · wall_segment Palisade Wall x4 |
| 6:52 | RetroAge412 · wall_segment Palisade Wall x3 |
| 6:54 | RetroAge412 · wall_segment Palisade Wall x1 |
| 6:54 | RetroAge412 · wall_segment Palisade Wall x1 |
| 6:55 | RetroAge412 · wall_segment Palisade Wall x1 |
| 6:56 | RetroAge412 · wall_segment Palisade Wall x1 |
| 6:56 | RetroAge412 · wall_segment Palisade Wall x1 |
| 6:57 | RetroAge412 · wall_segment Palisade Wall x1 |
| 6:57 | RetroAge412 · wall_segment Palisade Wall x1 |
| 6:58 | RetroAge412 · wall_segment Palisade Wall x1 |
| 8:19 | RetroAge412 · wall_segment Palisade Wall x1 |
| 8:45 | el rey de los chanchos · wall_segment Palisade Wall x1 |
| 8:46 | RetroAge412 · first_building Barracks |
| 9:34 | RetroAge412 · wall_segment Palisade Wall x1 |
| 9:37 | RetroAge412 · wall_segment Palisade Wall x1 |
| 11:28 | el rey de los chanchos · wall_segment Palisade Wall x1 |
| 11:31 | el rey de los chanchos · wall_segment Palisade Wall x1 |
| 11:33 | RetroAge412 · wall_segment Palisade Wall x1 |
| 16:51 | el rey de los chanchos · wall_segment Palisade Wall x3 |
| 17:35 | el rey de los chanchos · wall_segment Palisade Wall x1 |
| 19:09 | el rey de los chanchos · wall_segment Palisade Wall x1 |
| 19:10 | el rey de los chanchos · wall_segment Palisade Wall x1 |
| 19:15 | el rey de los chanchos · wall_segment Palisade Wall x1 |
| 22:48 | el rey de los chanchos · wall_segment Palisade Wall x8 |
| 22:48 | el rey de los chanchos · wall_segment Palisade Wall x1 |
| 22:48 | el rey de los chanchos · wall_segment Palisade Wall x1 |
| 22:49 | el rey de los chanchos · wall_segment Palisade Wall x2 |
| 22:49 | el rey de los chanchos · wall_segment Palisade Wall x2 |
| 22:49 | el rey de los chanchos · wall_segment Palisade Wall x2 |
| 22:49 | el rey de los chanchos · wall_segment Palisade Wall x2 |
| 22:49 | el rey de los chanchos · wall_segment Palisade Wall x2 |
| 22:50 | el rey de los chanchos · wall_segment Palisade Wall x1 |
| 22:52 | RetroAge412 · age_up feudal |
| 23:29 | RetroAge412 · first_building Archery Range |
| 24:57 | el rey de los chanchos · age_up feudal |
| 25:01 | el rey de los chanchos · first_building Barracks |
| 25:30 | el rey de los chanchos · first_building Stable |
| 26:02 | el rey de los chanchos · first_building Archery Range |
| 28:43 | RetroAge412 · first_building Stable |
| 29:10 | RetroAge412 · resign |
[ ANÁLISIS IA · 1 CRÉDITO ]
¿Qué pasó realmente en esta partida?
Wolo.gg analiza cada decisión: build order, eco, micro, errores típicos por bracket. Análisis personalizado por WhatsApp o Discord en 30 segundos.
Guía civ
Sicilianos
Perfil
el rey de los chanchos